 Dungeon Crawl Stone Soup version 0.29-a0-334-gb41bcbb86e (webtiles) character file.

Game seed: 12048813348729302932

452 Hubjo the Sneak (level 7, -5/63 HPs)
             Began as a Gargoyle Earth Elementalist on Apr 13, 2022.
             Was an Initiate of the Shining One.
             Killed by divine providence
             ... invoked by an orc priest
              (12 damage)
             ... on level 5 of the Dungeon.
             The game lasted 00:08:36 (7276 turns).

Hubjo the Sneak (Gargoyle Earth Elementalist)       Turns: 7276, Time: 00:08:36

Health: -5/63      AC: 23    Str: 11    XL:     7   Next: 4%
Magic:  10/11      EV:  2    Int: 18    God:    the Shining One [......]
Gold:   210        SH:  0    Dex: 10    Spells: 11/12 levels left

rFire   . . .      SeeInvis .   o - +1 hand axe (flame)
rCold   . . .      Faith    .   (no shield)
rNeg    + . .      Spirit   .   (body armour currently unavailable)
rPois   ∞          Reflect  .   (helmet currently unavailable)
rElec   .          Harm     .   (cloak currently unavailable)
rCorr   .          Rampage  .   (gloves currently unavailable)
Will    .....      NoTele   +   (boots currently unavailable)
Stlth   +.........              (no amulet)
HPRegen 0.20/turn               (no ring)
MPRegen 0.12/turn               (no ring)

@: tree-form (expiring), glowing
A: stationary, stasis, torment immunity, boosted hp, sickness immunity, AC +4,
negative energy resistance 1, (electricity resistance), torment resistance 1,
petrification resistance
a: Renounce Religion


You were on level 5 of the Dungeon.
You worshipped the Shining One.
The Shining One was noncommittal.
You were a tree.
You visited 1 branch of the dungeon, and saw 5 of its levels.

You collected 210 gold pieces.

Inventory:

Hand Weapons
 o - a +1 hand axe of flaming (weapon)
Missiles
 a - 53 stones
Armour
 b - a +0 robe (melded)
Jewellery
 n - an amulet of magic regeneration
Scrolls
 e - 2 scrolls of identify
 f - a scroll of brand weapon {unknown}
 h - a scroll of enchant armour
 l - a scroll of fear {unknown}
 m - a scroll of teleportation {unknown}
Potions
 c - 2 potions of magic
 d - 2 potions of lignification
 g - 3 potions of degeneration
 i - a potion of heal wounds
 j - 2 potions of might {unknown}
 k - 2 potions of mutation {unknown}


   Skills:
 + Level 3.7 Fighting
 - Level 1.5 Dodging
 * Level 4.9 Stealth
 + Level 3.1 Spellcasting
 * Level 2.2 Transmutations
 - Level 4.8 Earth Magic


You had 11 spell levels left.
You knew the following spells:

 Your Spells              Type           Power      Damage    Failure   Level
a - Sandblast             Erth           40%        2d10      2%          1

Your spell library contained the following spells:

 Spells                   Type           Power      Damage    Failure   Level
 Passwall                 Tmut/Erth      12%        N/A       5%          2
 Stone Arrow              Conj/Erth      22%        3d8       19%         3
 Corpse Rot               Necr/Air       4%         N/A       24%         2
 Poisonous Vapours        Pois/Air       4%         N/A       24%         2
 Petrify                  Tmut/Erth      15%        N/A       36%         4
 Inner Flame              Hex/Fire       2%         N/A       43%         3
 Portal Projectile        Hex/Tloc       4%         N/A       43%         3
 Tukima's Dance           Hex            2%         N/A       43%         3
 Anguish                  Hex/Necr       1%         N/A       85%         4
 Cause Fear               Hex            1%         N/A       85%         4
 Blade Hands              Tmut           5%         N/A       87%         5
 Excruciating Wounds      Necr           1%         N/A       99%         5
 Enfeeble                 Hex            1%         N/A       100%        7
 Discord                  Hex            1%         N/A       100%        8


Dungeon Overview and Level Annotations

Branches:
Dungeon (5/15)
 Temple: D:4-7

Altars:
The Shining One

Annotations:
D:2 Sigmund
D:4 2 transporters, Darius099's ghost, amateur TrBe


Innate Abilities, Weirdness & Mutations

You are a tree.
Your roots penetrate the ground, keeping you stationary.
You cannot be teleported.
You are immune to unholy pain and torment.
Your maximum health is greatly increased.
Your equipment is partially melded.
You are immune to sickness and miasma.
((Your stone body is resilient. (AC +4)))
You are immune to poison.
You resist negative energy. (rN+)
((You are resistant to electric shocks. (rElec)))
You are resistant to unholy torment.
You are immune to petrification.


Message History

Press: ? - help, Shift-Dir - straight line, f - orc
Aim: an orc, wielding a +0 whip (81% to hit)
The blast of sand hits the orc!
You kill the orc!
The orc priest mumbles some strange prayers to Beogh against you.
Beogh smites you!
* * * LOW HITPOINT WARNING * * *
It was a potion of lignification.
You turn into a tree.
Your +0 robe melds into your body.
Your roots penetrate the ground.
Casting: Sandblast (safe; 2% risk of failure)
Confirm with . or Enter, or press ? or * to list all spells.
Aiming: Sandblast (safe; 2% risk of failure)
Press: ? - help, Shift-Dir - straight line, f - orc priest
Aim: an orc priest, wielding a +0 hand axe and wearing a +0 leather armour (81% to hit)
You miscast Sandblast.
You are very lightly contaminated with residual magic.
Nothing appears to happen.
The orc priest hits you but does no damage.
Unknown command.
It was a potion of heal wounds.
You feel much better.
The orc priest hits you but does no damage.
You barely miss the orc priest. The orc priest barely misses you.
You closely miss the orc priest. The orc priest completely misses you.
The orc priest hits you but does no damage.
You barely miss the orc priest.
Your transformation is almost over.
The orc priest calls down the wrath of Beogh upon you.
Beogh smites you!
* * * LOW HITPOINT WARNING * * *
You slash the orc priest! You burn the orc priest.
The orc priest is heavily wounded.
The orc priest mumbles some strange prayers to Beogh against you.
Beogh smites you!
* * * LOW HITPOINT WARNING * * *
Your magical contamination has completely faded away.
You hit the orc priest. You burn the orc priest.
The orc priest is almost dead.
The orc priest invokes the aid of Beogh against you.
Beogh smites you!
You die...

....# $..# ..... #..#
....###..# ........
.#####..##.#
........##.#
###........#######
.............o♣..#
......#.##.#####.#
.....o..##.##### #
........##.##..
.......###.##.# # #
......####.##.##.# #
##...............# ..
#
##.#########.#####...
# #...# #......#.


You could see an orc priest.

Vanquished Creatures
  3 ogres
  A hound (D:4)
  8 adders
  A shadow imp (D:5)
  An ufetubus (D:4)
  A worm (D:2)
  2 dart slugs
  5 orcs (D:5)
  8 bats
  4 endoplasms
  4 giant cockroaches (D:1)
  9 goblins
  9 hobgoblins
  8 jackals
  6 kobolds
  4 ball pythons
  A frilled lizard (D:1)
  2 rats
77 creatures vanquished.

Notes
Turn   | Place    | Note
-------+----------+-------------------------------------------
     0 | D:1      | Hubjo the Gargoyle Earth Elementalist began the quest for
                  | the Orb.
     0 | D:1      | Reached XP level 1. HP: 10/10 MP: 3/3
   661 | D:1      | Reached skill level 1 in Transmutations
   661 | D:1      | Reached XP level 2. HP: 16/16 MP: 5/5
   962 | D:1      | Reached skill level 1 in Fighting
  1257 | D:1      | Reached XP level 3. HP: 10/20 MP: 2/6
  1506 | D:1      | You fall into a shaft and drop 1 floor!
  2196 | D:2      | Reached XP level 4. HP: 10/26 MP: 0/7
  3651 | D:2      | Noticed Sigmund
  4194 | D:3      | Noticed an ogre
  4200 | D:3      | Reached XP level 5. HP: 16/31 MP: 4/8
  4206 | D:3      | Killed an ogre
  4664 | D:3      | Found a glowing golden altar of the Shining One.
  5282 | D:3      | Became a worshipper of the Shining One
  5867 | D:4      | Noticed Darius099's ghost (amateur TrBe)
  5868 | D:4      | Found a transporter.
  5901 | D:4      | Reached XP level 6. HP: 37/37 MP: 5/10
  5991 | D:4      | Found a transporter.
  6878 | D:5      | Entered Level 5 of the Dungeon
  6985 | D:5      | Reached XP level 7. HP: 33/42 MP: 7/11
  7276 | D:5      | Killed from afar by an orc priest

Illustrated notes

Levels and vault maps discovered:
D:1:      saegor_arrival_under_anarchy, layout_basic, serial_curves,
          eino_curves_02, eino_curves_02, minmay_tromino_i4
D:2:      layout_loops_ring, serial_glass, glass_columns_a, glass_columns_a,
          glass_columns_a, glass_columns_a, glass_columns_b, glass_columns_c,
          glass_columns_b, glass_columns_a, glass_columns_b, glass_columns_c,
          glass_columns_c, glass_columns_a, glass_columns_a, glass_columns_b,
          uniq_sigmund
D:3:      layout_basic, tso_oasis_becter
D:4:      layout_basic, gammafunk_ghost_mausoleum, serial_glass,
          glass_columns_a, glass_columns_c
D:5:      layout_loops_cross

Skill      XL: |  1  2  3  4  5  6 |
---------------+-------------------+-----
Transmutations | 1 2 |  2.2
Fighting       | 1 2 3 |  3.7
Stealth        | 3 4 |  4.9
Earth Magic    | 4 |  4.8
Spellcasting   | 3 |  3.1
Dodging        | |  1.5

Action                   |  1- 3 |  4- 6 |  7- 9 || total
-------------------------+-------+-------+-------++-------
Melee: Unarmed           |   153 |   283 |     1 ||   437
       Punch             |     2 |     2 |       ||     4
       Hand axe          |       |       |    15 ||    15
 Cast: Sandblast         |    25 |    53 |     8 ||    86
  Use: Scroll            |       |     6 |       ||     6
       Potion            |       |     3 |     2 ||     5
 Stab: Sleeping          |     5 |     6 |       ||    11
Armor: Robe              |    79 |   111 |     7 ||   197
       Skin              |       |       |     3 ||     3
Dodge: Dodged            |    95 |   211 |     9 ||   315

Table legend: (Time is in decaauts)
 A = Elapsed time spent in this place.
 B = Non-inter-level travel time spent in this place.
 C = Inter-level travel time spent in this place.
 D = Time resting spent in this place.
 E = Time spent auto-exploring this place.
 F = Levels seen in this place.
 G = Mean time per level.
                   A        B        C        D        E       F      G
               +--------+--------+--------+--------+--------+-----+--------+
         Total |   7282 |   7191 |     91 |    865 |   5177 |   5 | 1456.4 |
       Dungeon |   7282 |   7191 |     91 |    865 |   5177 |   5 | 1456.4 |
               +--------+--------+--------+--------+--------+-----+--------+

Top non-repeatable levels by time:
     D:2: 2321 daAuts
     D:1: 1753 daAuts
     D:4: 1555 daAuts
     D:3: 1249 daAuts
     D:5: 401 daAuts
